 Dungeon Crawl Stone Soup version 0.20.1-1-g8b1a95d (webtiles) character file.

1379 Gargoyl the Protected (level 8, -1/112 HPs)
             Began as a Minotaur Abyssal Knight on Aug 11, 2017.
             Was a Believer of Lugonu.
             Slain by an unseen horror (6 damage)
             ... on level 7 of the Dungeon.
             The game lasted 00:11:52 (5735 turns).

Gargoyl the Protected (Minotaur Abyssal Knight)     Turns: 5735, Time: 00:11:53

Health: -1/112     AC: 24    Str: 17    XL:     8   Next: 39%
Magic:  10/10      EV:  2    Int: 11    God:    Lugonu [**....]
Gold:   238        SH:  0    Dex: 21    Spells: 7/7 levels left

rFire    . . .     SeeInvis +   j - +0 trident (venom)
rCold    . . .     Gourm    .   (no shield)
rNeg     + + +     Faith    .   (armour currently unavailable)
rPois    +         Spirit   .   (helmet currently unavailable)
rElec    .         Reflect  .   (cloak currently unavailable)
rCorr    .         Harm     .   (gloves currently unavailable)
MR       .....     NoTele   +   (boots currently unavailable)
Stlth    +++.......             (no amulet)
Regen    0.3/turn               e - +4 ring of dexterity
MPRegen  0.2/turn               (no ring)

@: agile, tree-form, very slightly contaminated
A: (retaliatory headbutt), see invisible, clever 1, robust 1
a: Depart the Abyss, Bend Space, Renounce Religion


You were on level 7 of the Dungeon.
You worshipped Lugonu.
Lugonu was pleased with you.
You were hungry.
You were a tree.
You visited 1 branch of the dungeon, and saw 7 of its levels.
You visited the Abyss 1 time.

You collected 238 gold pieces.

Inventory:

Hand Weapons
 d - a +1 broad axe
 j - a +0 trident of venom (weapon)
 t - a +0 war axe
Armour
 b - a +0 pair of gloves (melded)
 k - a +0 chain mail (melded)
Jewellery
 e - a +4 ring of dexterity (left branch)
 q - an uncursed ring of fire
 u - an uncursed ring of fire
 y - an uncursed ring of see invisible {unknown}
Wands
 h - a wand of flame (0/48)
Scrolls
 p - a scroll of teleportation
 s - 2 scrolls of remove curse
Potions
 m - a potion of invisibility
 o - 2 potions of cancellation
Comestibles
 c - 5 bread rations
 f - 2 meat rations
 g - 3 fruits
 n - 4 royal jellies


   Skills:
 + Level 5.6 Fighting
 + Level 3.2(4.7) Axes
 + Level 5.2(5.7) Polearms
 * Level 8.1 Armour
 + Level 3.1 Dodging
 * Level 4.6 Invocations


You had 7 spell levels left.
You didn't know any spells.

Dungeon Overview and Level Annotations

Branches:
Dungeon (7/15)             Temple (0/1) D:4

Altars:
Cheibriados
Fedhas
Hepliaklqana
Qazlal
Ru
Vehumet
The Shining One


Innate Abilities, Weirdness & Mutations

((You reflexively headbutt those who attack you in melee.))
((You have a pair of horns on your head.))
You have supernaturally acute eyesight. (SInv)
Your mind is acute. (Int +2)
You are robust. (+10% HP)


Message History

The unseen horror hits you but does no damage.
The unseen horror hits you.
* * * LOW HITPOINT WARNING * * *
You puncture the unseen horror!
The unseen horror is severely wounded.
The unseen horror hits you but does no damage.
Attack whom?
Press: ? - help, Dir - move target cursor, f/p - unseen horror
Aim: an unseen horror (severely wounded, slightly transparent)
You reach to attack!
You hit the unseen horror.
The unseen horror is poisoned.
The unseen horror is severely wounded.
The unseen horror hits you but does no damage.
Attack whom?
Press: ? - help, Dir - move target cursor, f/p - unseen horror
Aim: an unseen horror (severely wounded, poisoned, slightly transparent)
You reach to attack!
You hit the unseen horror.
The unseen horror looks as sick as possible!
The unseen horror is severely wounded.
The unseen horror hits you.
You die...

##..._...#
#......###
########.....##
....[.......##
............#
#######....##
###### ##..##
##....####..#
#.....x♣....#
#...####....##
#..## ##...)#
#..# #....# #.
#..# ##...# #.
#..# ##### #.
##..# #.#
##...#
#..##...##


You could see an unseen horror (invisible).

Vanquished Creatures
  Edmund (D:4)
  A sky beast (D:5)
  2 black bears (D:6)
  An ogre (D:4)
  A wyvern zombie (D:6)
  A bullfrog (D:6)
  2 scorpions
  4 killer bees
  2 crimson imps (D:6)
  2 hounds
  A bullfrog skeleton (D:4)
  An iguana (D:5)
  4 worker ants
  2 worker ant zombies (D:5)
  4 gnolls (D:6)
  7 adders
  A shadow imp (D:5)
  An ooze (D:5)
  An adder skeleton (D:6)
  A worm (D:2)
  A dart slug (D:1)
  2 leopard geckos (D:5)
  9 orcs
  5 giant cockroaches
  5 goblins
  9 hobgoblins
  A quokka (D:2)
  A ball python (D:1)
  7 bats
  6 frilled lizards
  11 kobolds
  3 rats
100 creatures vanquished.

Notes
Turn   | Place    | Note
-------+----------+-------------------------------------------
     0 | Abyss:1  | Gargoyl the Minotaur Abyssal Knight began the quest for the Orb.
     0 | Abyss:1  | Reached XP level 1. HP: 19/19 MP: 1/1
    53 | Abyss:2  | Noticed a raiju
    73 | Abyss:3  | Found a corrupted altar of Lugonu.
    86 | Abyss:3  | Noticed a raiju
    87 | Abyss:3  | Noticed a raiju
    88 | D:1      | Escaped the Abyss
   357 | D:1      | Reached XP level 2. HP: 23/27 MP: 2/2
   438 | D:1      | Reached * piety under Lugonu
   713 | D:1      | Reached skill level 3 in Armour
  1121 | D:2      | Reached XP level 3. HP: 33/33 MP: 3/3
  2110 | D:3      | Reached XP level 4. HP: 33/40 MP: 4/4
  2205 | D:3      | Reached ** piety under Lugonu
  2442 | D:3      | Reached skill level 4 in Armour
  2789 | D:3      | Reached skill level 1 in Polearms
  2789 | D:3      | Reached XP level 5. HP: 21/46 MP: 4/6
  2805 | D:3      | HP: 1/47 [killer bee (2)]
  2807 | D:3      | Reached skill level 5 in Armour
  3124 | D:4      | Reached XP level 6. HP: 15/53 MP: 7/7
  3662 | D:4      | Noticed Edmund
  3679 | D:4      | Killed Edmund
  3679 | D:4      | Reached skill level 6 in Armour
  3782 | D:4      | Found a stormy altar of Qazlal.
  3915 | D:4      | Found a glowing golden altar of the Shining One.
  4136 | D:4      | Found a sacrificial altar of Ru.
  4159 | D:4      | Reached XP level 7. HP: 54/60 MP: 8/8
  4250 | D:4      | Found a staircase to the Ecumenical Temple.
  4306 | D:5      | Entered Level 5 of the Dungeon
  4492 | D:5      | Reached skill level 5 in Fighting
  4734 | D:5      | Reached skill level 7 in Armour
  5198 | D:6      | Reached XP level 8. HP: 62/68 MP: 10/10
  5287 | D:6      | Reached skill level 5 in Polearms
  5502 | D:6      | Reached skill level 8 in Armour
  5638 | D:7      | Found a blossoming altar of Fedhas.
  5638 | D:7      | Found a hazy altar of Hepliaklqana.
  5638 | D:7      | Found a snail-covered altar of Cheibriados.
  5642 | D:7      | Found a radiant altar of Vehumet.
  5695 | D:7      | Gained mutation: You can translocate small distances at will. [potion of mutation]
  5695 | D:7      | Gained mutation: You evolve. [potion of mutation]
  5713 | D:7      | Lost mutation: You can translocate small distances at will. [potion of mutation]
  5713 | D:7      | Lost mutation: You evolve. [potion of mutation]
  5713 | D:7      | Gained mutation: Your mind is acute. (Int +2) [potion of mutation]
  5713 | D:7      | Gained mutation: You have supernaturally acute eyesight. (SInv) [potion of mutation]
  5713 | D:7      | Gained mutation: You are robust. (+10% HP) [potion of mutation]
  5713 | D:7      | Noticed an unseen horror
  5713 | D:7      | HP: 5/112 [unseen horror (5)]
  5732 | D:7      | HP: 4/112 [unseen horror (4)]
  5735 | D:7      | Slain by an unseen horror

Skill      XL: |  1  2  3  4  5  6  7  8 |
---------------+-------------------------+-----
Invocations    | 2 3 4 |  4.6
Armour         | 3 4 5 6 7 8 |  8.1
Fighting       | 4 5 |  5.6
Axes           | 3 |  3.2
Polearms       | 1 2 4 5 |  5.2
Dodging        | 2 3 |  3.1

Action                   |  1- 3 |  4- 6 |  7- 9 || total
-------------------------+-------+-------+-------++-------
Melee: Hand axe          |    40 |       |       ||    40
       Headbutt          |    14 |     9 |    28 ||    51
       Trident           |    39 |    79 |   129 ||   247
       Broad axe         |       |       |     7 ||     7
Invok: Depart the Abyss  |     1 |       |       ||     1
       Bend Space        |       |     1 |       ||     1
Evoke: Wand              |       |       |     7 ||     7
  Use: Scroll            |     2 |     4 |     4 ||    10
       Potion            |       |     6 |     7 ||    13
  Eat: Chunk             |     4 |     2 |     4 ||    10
       Bread ration      |       |     1 |       ||     1
Armor: Ring mail         |     5 |       |       ||     5
       Scale mail        |    38 |    36 |    14 ||    88
       Chain mail        |       |       |    96 ||    96
       Skin              |       |       |    22 ||    22
Dodge: Dodged            |    73 |    57 |    66 ||   196
